 Dungeon Crawl Stone Soup version 0.21-a0-417-g0adc95b (webtiles) character file.

85 drevant the Skirmisher (level 4, -4/36 HPs)
             Began as a Demonspawn Abyssal Knight on Nov 3, 2017.
             Was a Follower of Lugonu.
             Killed from afar by an orc wizard (8 damage)
             ... with a puff of flame
             ... on level 3 of the Dungeon.
             The game lasted 00:03:41 (2564 turns).

drevant the Skirmisher (Demonspawn Abyssal Knight)  Turns: 2564, Time: 00:03:42

Health: -4/36      AC:  5    Str: 11 (13) XL:     4   Next: 25%
Magic:  5/5        EV: 10    Int: 11 (14) God:    Lugonu [*.....]
Gold:   106        SH:  0    Dex: 11 (12) Spells: 3/3 levels left

rFire    . . .     SeeInvis +   a - +1 spear
rCold    + . .     Gourm    .   (no shield)
rNeg     . . .     Faith    .   r - +0 ring mail (curse)
rPois    .         Spirit   .   (helmet restricted)
rElec    .         Reflect  .   (no cloak)
rCorr    .         Harm     .   (no gloves)
MR       .....                  (no boots)
Stlth    +.........             (no amulet)
HPRegen  0.12/turn              (no ring)
MPRegen  0.09/turn              s - ring of see invisible

@: no status effects
A: antennae 2, cold resistance 1
a: Depart the Abyss, Renounce Religion


You were on level 3 of the Dungeon.
You worshipped Lugonu.
Lugonu was aware of your devotion.
You were very hungry.

You visited 1 branch of the dungeon, and saw 3 of its levels.
You visited the Abyss 1 time.

You collected 106 gold pieces.

Inventory:

Hand Weapons
 a - a +1 spear (weapon)
Missiles
 i - 69 stones (quivered)
Armour
 b - a +0 leather armour
 r - a cursed +0 ring mail (worn)
Jewellery
 s - a ring of see invisible (right hand)
Scrolls
 e - 2 scrolls of identify {unknown}
 f - 2 scrolls of recharging {unknown}
 g - a scroll of immolation {unknown}
 h - a scroll of remove curse
 l - a scroll of fog {unknown}
 n - 3 scrolls of enchant weapon {unknown}
 p - a scroll of teleportation {unknown}
Potions
 d - a potion of lignification
Comestibles
 c - a bread ration
 j - 3 fruits
 q - a royal jelly


   Skills:
 + Level 3.6 Fighting
 * Level 3.1 Polearms
 + Level 2.5 Armour
 - Level 1.0 Dodging
 - Level 2.5 Invocations


You had 3 spell levels left.
You didn't know any spells.

Dungeon Overview and Level Annotations

Branches:
Dungeon (3/15)

Altars:


Innate Abilities, Weirdness & Mutations

You have a pair of antennae on your head.
Your flesh is cold resistant. (rC+)


Message History

You resist with some effort.
You closely miss the orc wizard.
The orc wizard is heavily wounded.
The orc wizard hits you with a dagger.
* * * LOW HITPOINT WARNING * * *
The orc wizard points at you and mumbles some strange words.
You resist with some effort. The orc wizard barely misses you.
You closely miss the orc wizard.
The orc wizard is heavily wounded.
The orc wizard misses you. The orc wizard closely misses you.
The orc wizard casts a spell at you. You resist with some effort.
You hit the orc wizard.
The orc wizard is heavily wounded.
The orc wizard hits you but does no damage. x3
You barely miss the orc wizard.
The orc wizard is heavily wounded.
The orc wizard casts a spell at you. The puff of flame hits you!
You die...

. #.##.# #...........###
..## #.##.###...##.#....#.#
.....##.#................#.#
..........##...####....#.#
##.##.##..##.............#
#.........####.#####......
#..##.###.####...........#
#........oo..#######.....#
#...#.###@##.#######..#...
......#....o)...........##.#
..... #.###....#.#####......
..#.. #.# #.####.# #...... .
#. #.# #.# .# #..###. #. #.#
#.# .# #..# #. #.# #.# ..
....###. #.# #.# o#
###...... #. #.# .# ......


You could see 3 orc wizards.

Vanquished Creatures
  An orc priest (D:3)
  An ooze (D:1)
  A worm (D:2)
  2 dart slugs
  2 leopard geckos
  2 orcs (D:3)
  4 bats
  2 giant cockroaches
  4 goblins
  4 hobgoblins (D:1)
  11 kobolds
  3 frilled lizards
  5 rats
42 creatures vanquished.

Notes
Turn   | Place    | Note
-------+----------+-------------------------------------------
     0 | Abyss:1  | drevant the Demonspawn Abyssal Knight began the quest for the Orb.
     0 | Abyss:1  | Reached XP level 1. HP: 18/18 MP: 2/2
    26 | Abyss:1  | Noticed a smoke demon
    28 | D:1      | Escaped the Abyss
   116 | D:1      | Reached skill level 1 in Dodging
   150 | D:1      | Reached * piety under Lugonu
   421 | D:1      | Gained mutation: Your flesh is cold resistant. (rC+) [demonic ancestry]
   421 | D:1      | Reached XP level 2. HP: 24/24 MP: 3/3
   885 | D:1      | Gained mutation: You have a pair of small antennae on your head. [demonic ancestry]
   885 | D:1      | Reached XP level 3. HP: 29/29 MP: 4/4
  2528 | D:3      | Gained mutation: You have a pair of antennae on your head. [demonic ancestry]
  2528 | D:3      | Reached XP level 4. HP: 36/36 MP: 5/5
  2530 | D:3      | Gained mutation: You are clumsy. (Dex -2) [potion of mutation]
  2530 | D:3      | Lost mutation: You are clumsy. (Dex -2) [potion of mutation]
  2564 | D:3      | Killed from afar by an orc wizard

Vault maps used:
D:1:      elethiomel_arrival_maze, minmay_misc_feat_diagonals
D:2:      serial_bayou_pond_e
D:3:      overflow_temple_1_default, first_bread

Skill      XL: |  1  2  3 |
---------------+----------+-----
Dodging        | 1 |  1.0
Polearms       | 2 3 |  3.1
Armour         | 2 |  2.5
Fighting       | |  3.6
Invocations    | |  2.5

Action                   |  1- 3 |  4- 6 || total
-------------------------+-------+-------++-------
Melee: Spear             |   149 |    28 ||   177
Throw: Stone             |    11 |       ||    11
Invok: Depart the Abyss  |     1 |       ||     1
  Use: Potion            |     3 |     1 ||     4
       Scroll            |     1 |       ||     1
 Stab: Sleeping          |     1 |       ||     1
  Eat: Chunk             |     4 |       ||     4
Armor: Leather armour    |    14 |       ||    14
       Skin              |     8 |    44 ||    52
       Ring mail         |     1 |     7 ||     8
Dodge: Dodged            |    66 |    12 ||    78

Table legend:
 A = Spawn XP
 B = Non-spawn XP
 C = Spawn XP percentage of total XP
 D = Spawn monster count
 E = Non-spawn monster count
 F = Spawn count percentage of total count
 G = Total turns spent on level
                    A         B        C        D         E        F      G
               +---------+---------+-------+---------+---------+-------+---------
         Total |       0 |     122 |   0.0 |       0 |      42 |   0.0 |  2564
               +---------+---------+-------+---------+---------+-------+---------
           D:1 |       0 |      43 |   0.0 |       0 |      21 |   0.0 |  1169
           D:2 |       0 |      31 |   0.0 |       0 |      17 |   0.0 |  1224
           D:3 |       0 |      48 |   0.0 |       0 |       4 |   0.0 |   143
               +---------+---------+-------+---------+---------+-------+---------
